 Dungeon Crawl Stone Soup version 0.19.0-16-g73b5abf (webtiles) character file.

360 Gargoyl the Distorting Demonspawn (level 6, -3/48 HPs)
             Began as a Demonspawn Abyssal Knight on Nov 11, 2016.
             Was a Believer of Lugonu.
             Slain by an orc warrior
             ... wielding a +0 halberd
              (15 damage)
             ... on level 4 of the Dungeon.
             The game lasted 00:07:27 (4699 turns).

Gargoyl the Distorting Demonspawn (DsAK)            Turns: 4699, Time: 00:07:28

Health: -3/48      AC: 10    Str: 15    XL:     6   Next: 38%
Magic:  9/9        EV:  9    Int: 13    God:    Lugonu [**....]
Gold:   275        SH:  3    Dex: 12    Spells: 0 memorised, 5 levels left

rFire  . . .     SeeInvis .     a - +2 hand axe
rCold  . . .     Gourm    .     l - +0 scale mail
rNeg   . . .     Faith    .     d - +0 buckler
rPois  .         Spirit   .     C - +0 helmet
rElec  .         Reflect  .     (no cloak)
rCorr  .         Harm     .     (no gloves)
MR     .....                    t - +1 pair of boots
Stlth  ..........               (no amulet)
                                (no ring)
                                (no ring)

@: no status effects
A: demonic guardian 1, powered by pain 3
a: Depart the Abyss, Bend Space, Renounce Religion


You were on level 4 of the Dungeon.
You worshipped Lugonu.
Lugonu was pleased with you.
You were not hungry.

You visited 1 branch of the dungeon, and saw 5 of its levels.
You visited the Abyss 1 time.

You collected 275 gold pieces.

Inventory:

Hand Weapons
 a - a +2 hand axe (weapon)
 D - a +0 spear of piercing
Armour
 d - a +0 buckler (worn)
 l - a +0 scale mail (worn)
 t - a +1 pair of boots (worn)
 C - a +0 helmet (worn)
Wands
 e - a wand of flame (42/48)
Scrolls
 b - 4 scrolls of remove curse
 f - 3 scrolls of enchant weapon
 i - a scroll of teleportation
 p - 2 scrolls of blinking
 s - a scroll of amnesia
Potions
 k - a potion of ambrosia {unknown}
 q - a potion of brilliance {unknown}
 u - a potion of magic {unknown}
 w - a potion of might {unknown}
 B - a potion of lignification {unknown}
Books
 y - a book of Changes

   Spells                             Type                      Level
   a - Beastly Appendage              Transmutation                1
   b - Sticks to Snakes               Transmutation                2
   c - Spider Form                    Transmutation/Poison         3
   d - Ice Form                       Ice/Transmutation            4
   e - Blade Hands                    Transmutation                5
Comestibles
 c - 2 bread rations
 m - a meat ration
 o - 2 beef jerkies
 x - a slice of pizza
 z - 3 fruits


   Skills:
 + Level 3.8 Fighting
 + Level 3.6 Axes
 * Level 3.7 Armour
 + Level 1.4 Dodging
 + Level 0.6 Shields
 * Level 4.2 Invocations


You had 5 spell levels left.
You didn't know any spells.

Dungeon Overview and Level Annotations

Branches:
Dungeon (5/15)
 Temple: D:4-7

Altars:
Nemelex Xobeh
Ru
Trog
Uskayaw
Vehumet
Yredelemnul
Zin


Innate Abilities, Weirdness & Mutations

A weak demonic guardian rushes to your aid.
You are powered by pain.


Message History

The orc warrior is heavily wounded.
The orc warrior hits you with a halberd!
Your white imp gestures at the orc warrior.
The puff of frost hits the orc warrior.
Unknown command.
You closely miss the orc warrior.
The orc warrior is severely wounded.
The orc warrior misses you.
Your white imp hits the orc warrior.
Your white imp freezes the orc warrior.
Unknown command.
You barely miss the orc warrior.
The orc warrior is almost dead.
The orc warrior hits you with a halberd!
* * * LOW HITPOINT WARNING * * *
Your white imp barely misses the orc warrior.
Unknown command.
You hit the orc warrior but do no damage.
The orc warrior is almost dead.
The orc warrior hits you with a halberd!
You die...

............................#
....................###.....#
.......######.##....# #)....#
######## #..#....# #.....#
##.#....# #.....# #####
#......# #######
....###########.....###
....##................#
....##.........5@.....#
....##.........#o.....#
.......#.#######......#
....####.....####.#####
....####.###.##..>#
###....#.#...##.#.#
####.###.#..#.#.# #.#
#.##.#.### #.# #...<#.#


You could see an orc warrior and a friendly white imp.

Vanquished Creatures
  A scorpion (D:3)
  A gnoll shaman (D:4)
  A hound (D:3)
  An orc priest (D:4)
  3 worker ants (D:4)
  Robin (D:4)
  7 gnolls
  2 adders (D:3)
  An ooze (D:3)
  2 worms
  A dart slug (D:1)
  5 leopard geckos
  4 orcs
  2 ball pythons
  4 giant cockroaches
  5 hobgoblins
  2 quokkas (D:3)
  5 bats
  3 frilled lizards
  9 goblins
  4 kobolds
  5 rats
69 creatures vanquished.

Vanquished Creatures (collateral kills)
  2 gnolls (D:3)
  An orc (D:4)
  5 goblins
8 creatures vanquished.

Grand Total: 77 creatures vanquished

Notes
Turn   | Place    | Note
-------+----------+-------------------------------------------
     0 | Abyss:1  | Gargoyl the Demonspawn Abyssal Knight began the quest for the Orb.
     0 | Abyss:1  | Reached XP level 1. HP: 18/18 MP: 2/2
    52 | Abyss:2  | Noticed an ice devil
    66 | Abyss:2  | Noticed a large abomination
    73 | D:1      | Escaped the Abyss
   305 | D:1      | Reached * piety under Lugonu
   317 | D:1      | Gained mutation: You sometimes gain a little power by taking damage. [demonic ancestry]
   317 | D:1      | Reached XP level 2. HP: 19/24 MP: 4/4
   409 | D:1      | Reached skill level 3 in Invocations
  1185 | D:2      | Reached skill level 1 in Dodging
  1275 | D:2      | Found a bloodstained altar of Trog.
  1516 | D:2      | Found a hide-covered altar of Uskayaw.
  1547 | D:2      | Gained mutation: A weak demonic guardian rushes to your aid. [demonic ancestry]
  1547 | D:2      | Reached XP level 3. HP: 27/29 MP: 5/5
  1642 | D:2      | Found a sparkling altar of Nemelex Xobeh.
  1727 | D:2      | Found a sacrificial altar of Ru.
  2246 | D:3      | Reached XP level 4. HP: 31/35 MP: 6/6
  2696 | D:4      | Found a bloodstained altar of Trog.
  2696 | D:4      | Noticed Robin
  2697 | D:4      | Found a glowing silver altar of Zin.
  2812 | D:3      | Gained mutation: You sometimes gain power by taking damage. [demonic ancestry]
  2812 | D:3      | Reached XP level 5. HP: 13/41 MP: 7/7
  3091 | D:4      | Killed Robin
  3210 | D:4      | Reached ** piety under Lugonu
  3237 | D:4      | Reached skill level 4 in Invocations
  3239 | D:4      | Found a radiant altar of Vehumet.
  3457 | D:4      | Found a basalt altar of Yredelemnul.
  3856 | D:4      | Gained mutation: You are powered by pain. [demonic ancestry]
  3856 | D:4      | Reached XP level 6. HP: 40/48 MP: 9/9
  4173 | D:5      | Entered Level 5 of the Dungeon
  4173 | D:5      | Noticed an orc warrior
  4699 | D:4      | Slain by an orc warrior

Skill      XL: |  1  2  3  4  5 |
---------------+----------------+-----
Invocations    | 3 4 |  4.2
Armour         | 2 3 |  3.7
Dodging        | 1 |  1.4
Axes           | 2 3 |  3.6
Fighting       | |  3.8
Shields        | |  0.6

Action                   |  1- 3 |  4- 6 || total
-------------------------+-------+-------++-------
Melee: Hand axe          |   128 |   142 ||   270
Invok: Depart the Abyss  |     1 |       ||     1
       Bend Space        |       |     2 ||     2
Evoke: Wand              |       |     1 ||     1
  Use: Potion            |       |     7 ||     7
       Scroll            |       |    11 ||    11
 Stab: Distracted        |       |     1 ||     1
  Eat: Chunk             |     4 |     8 ||    12
Armor: Scale mail        |    64 |    72 ||   136
       Leather armour    |     1 |       ||     1
Dodge: Dodged            |    55 |    77 ||   132
Block: Buckler           |     9 |    28 ||    37
